 Dungeon Crawl Stone Soup version 0.29-a0-553-g81b289dbe5 (webtiles) character file.

Game seed: 7946723466614800602

275 DocClef the Covert (level 6, -10/53 HPs)
             Began as a Gnoll Delver on June 6, 2022.
             Mangled by an iguana (12 damage)
             ... on level 6 of the Dungeon.
             The game lasted 00:00:35 (381 turns).

DocClef the Covert (Gnoll Delver)                    Turns: 381, Time: 00:00:36

Health: -10/53     AC:  3    Str: 14    XL:     6   Next: 25%
Magic:  8/8        EV: 13    Int:  9    God:
Gold:   9          SH:  0    Dex: 13    Spells: 8/8 levels left

rFire   . . .      SeeInvis .   a - +0 short sword
rCold   . . .      Faith    .   (no shield)
rNeg    . . .      Spirit   .   b - +0 leather armour
rPois   .          Reflect  .   (no helmet)
rElec   .          Harm     .   (no cloak)
rCorr   .          Rampage  .   (no gloves)
Will    .....                   (no boots)
Stlth   ++++......              (no amulet)
HPRegen 0.17/turn               (no ring)
MPRegen 0.11/turn               (no ring)

@: no status effects
A: fangs 1, strong nose, distributed training
a: no special abilities


You were on level 6 of the Dungeon.
You visited 1 branch of the dungeon, and saw 2 of its levels.

You collected 9 gold pieces.

Inventory:

Hand Weapons
 a - a +0 short sword (weapon)
Armour
 b - a +0 leather armour (worn)
Wands
 g - a wand of digging (3)
Scrolls
 c - a scroll of fog
 d - a scroll of magic mapping
 e - a scroll of fear
Potions
 f - a potion of haste
 h - 3 potions of curing {unknown}
 i - a potion of lignification {unknown}
 j - a potion of degeneration {unknown}


   Skills:
 + Level 6.8 Fighting
 + Level 4.9 Short Blades
 + Level 1.8 Long Blades
 + Level 1.8 Axes
 + Level 1.8 Maces & Flails
 + Level 1.8 Polearms
 + Level 1.8 Staves
 + Level 1.8 Slings
 + Level 1.8 Bows
 + Level 1.8 Crossbows
 + Level 1.8 Throwing
 + Level 1.8 Armour
 + Level 4.9 Dodging
 + Level 9.7 Stealth
 + Level 1.8 Shields
 + Level 1.8 Unarmed Combat
 + Level 1.8 Spellcasting
 + Level 1.4 Conjurations
 + Level 1.4 Hexes
 + Level 1.4 Summonings
 + Level 1.4 Necromancy
 + Level 1.4 Translocations
 + Level 1.4 Transmutations
 + Level 1.4 Fire Magic
 + Level 1.4 Ice Magic
 + Level 1.4 Air Magic
 + Level 1.4 Earth Magic
 + Level 1.4 Poison Magic
 + Level 2.0 Invocations
 + Level 1.8 Evocations


You had 8 spell levels left.
You didn't know any spells.
Your spell library was empty.

Dungeon Overview and Level Annotations

Branches:
Dungeon (6/15)
 Temple: D:4-7

Altars:


Innate Abilities, Weirdness & Mutations

You have very sharp teeth.
Your uncanny sense of smell can sniff out nearby items.
Your experience applies equally to all skills.


Message History

The iguana is moderately wounded.
The iguana barely misses you.
You hit the iguana but do no damage. You punch the iguana, but do no damage.
Your bite misses the iguana.
The iguana is moderately wounded.
The iguana closely misses you.
You hit the iguana but do no damage.
The iguana is moderately wounded.
The iguana closely misses you.
You hit the iguana. You bite the iguana, but do no damage.
The iguana is moderately wounded.
The iguana bites you!
You barely miss the iguana.
The iguana is moderately wounded.
The iguana bites you.
You closely miss the iguana.
The iguana is moderately wounded.
You barely miss the iguana.
The iguana is moderately wounded.
The iguana bites you.
You hit the iguana but do no damage.
The iguana is moderately wounded.
The iguana bites you.
* * * LOW HITPOINT WARNING * * *
You hit the iguana.
The iguana is heavily wounded.
The iguana closely misses you.
You hit the iguana.
The iguana is heavily wounded.
The iguana bites you!
* * * LOW HITPOINT WARNING * * *
You hit the iguana.
The iguana is severely wounded.
The iguana barely misses you.
You hit the iguana.
The iguana is severely wounded.
You hit the iguana but do no damage. Your bite misses the iguana.
The iguana is severely wounded.
The iguana bites you!
You die...

.......#
.......#
.......#
##......
##...#.. #
##<....# .
..##......###..
#......@.......
.......l....)..
.........####..
##.....<.#
#.##.....# .
##.....# ∆
##....# #.....
.......


You could see an iguana.

Vanquished Creatures
  A water moccasin (D:6)
  A phantom (D:5)
  A necrophage (D:5)
  A hound (D:5)
4 creatures vanquished.

Notes
Turn   | Place    | Note
-------+----------+-------------------------------------------
     0 | D:5      | Reached skill level 9 in Stealth
     0 | D:5      | DocClef the Gnoll Delver began the quest for the Orb.
     0 | D:5      | Reached XP level 1. HP: 23/23 MP: 1/1
    25 | D:5      | Noticed a hound
    29 | D:5      | Killed a hound
    30 | D:5      | Reached XP level 2. HP: 29/29 MP: 2/2
    30 | D:5      | Reached XP level 3. HP: 35/35 MP: 3/3
    34 | D:5      | Noticed a phantom
    61 | D:5      | Killed a phantom
    62 | D:5      | Reached skill level 1 in Long Blades
    62 | D:5      | Reached skill level 1 in Axes
    62 | D:5      | Reached skill level 1 in Maces & Flails
    62 | D:5      | Reached skill level 1 in Polearms
    62 | D:5      | Reached skill level 1 in Staves
    62 | D:5      | Reached skill level 1 in Slings
    62 | D:5      | Reached skill level 1 in Bows
    62 | D:5      | Reached skill level 1 in Crossbows
    62 | D:5      | Reached skill level 1 in Throwing
    62 | D:5      | Reached skill level 1 in Armour
    62 | D:5      | Reached skill level 1 in Shields
    62 | D:5      | Reached skill level 1 in Unarmed Combat
    62 | D:5      | Reached skill level 1 in Spellcasting
    62 | D:5      | Reached skill level 1 in Conjurations
    62 | D:5      | Reached skill level 1 in Hexes
    62 | D:5      | Reached skill level 1 in Summonings
    62 | D:5      | Reached skill level 1 in Necromancy
    62 | D:5      | Reached skill level 1 in Translocations
    62 | D:5      | Reached skill level 1 in Transmutations
    62 | D:5      | Reached skill level 1 in Fire Magic
    62 | D:5      | Reached skill level 1 in Ice Magic
    62 | D:5      | Reached skill level 1 in Air Magic
    62 | D:5      | Reached skill level 1 in Earth Magic
    62 | D:5      | Reached skill level 1 in Poison Magic
    62 | D:5      | Reached skill level 1 in Invocations
    62 | D:5      | Reached skill level 1 in Evocations
    62 | D:5      | Reached XP level 4. HP: 11/41 MP: 3/5
   300 | D:5      | Noticed a necrophage
   307 | D:5      | Killed a necrophage
   308 | D:5      | Reached XP level 5. HP: 47/47 MP: 5/7
   356 | D:5      | Noticed a black bear
   361 | D:6      | Noticed a water moccasin
   367 | D:6      | Killed a water moccasin
   368 | D:6      | Reached XP level 6. HP: 38/53 MP: 8/8
   378 | D:6      | HP: 1/53 [iguana (14)]
   381 | D:6      | Mangled by an iguana

Illustrated notes

Levels and vault maps discovered:
D:5:      layout_loops_cross, small_statue_intersection, hangedman_decor_push,
          grunt_decor_mini_mirrors
D:6:      kennysheep_spiral_hall, layout_layer_cave, serial_shops, shop,
          uniq_blork_the_orc

Skill      XL: |  1  2  3  4  5 |
---------------+----------------+-----
Stealth        | |  9.7
Long Blades    | 1 |  1.8
Axes           | 1 |  1.8
Maces & Flails | 1 |  1.8
Polearms       | 1 |  1.8
Staves         | 1 |  1.8
Slings         | 1 |  1.8
Bows           | 1 |  1.8
Crossbows      | 1 |  1.8
Throwing       | 1 |  1.8
Armour         | 1 |  1.8
Shields        | 1 |  1.8
Unarmed Combat | 1 |  1.8
Spellcasting   | 1 |  1.8
Conjurations   | 1 |  1.4
Hexes          | 1 |  1.4
Summonings     | 1 |  1.4
Necromancy     | 1 |  1.4
Translocations | 1 |  1.4
Transmutations | 1 |  1.4
Fire Magic     | 1 |  1.4
Ice Magic      | 1 |  1.4
Air Magic      | 1 |  1.4
Earth Magic    | 1 |  1.4
Poison Magic   | 1 |  1.4
Invocations    | 1 2 |  2.0
Evocations     | 1 |  1.8
Fighting       | |  6.8
Short Blades   | |  4.9
Dodging        | |  4.9

Action                   |  1- 3 |  4- 6 || total
-------------------------+-------+-------++-------
Melee: Short sword       |    19 |    20 ||    39
       Bite              |     7 |     1 ||     8
       Punch             |       |     1 ||     1
 Stab: Sleeping          |     1 |     2 ||     3
Armor: Leather armour    |     2 |     1 ||     3
Dodge: Dodged            |     7 |    13 ||    20

Table legend: (Time is in decaauts)
 A = Elapsed time spent in this place.
 B = Non-inter-level travel time spent in this place.
 C = Inter-level travel time spent in this place.
 D = Time resting spent in this place.
 E = Time spent auto-exploring this place.
 F = Levels seen in this place.
 G = Mean time per level.
                   A        B        C        D        E       F      G
               +--------+--------+--------+--------+--------+-----+--------+
         Total |    375 |    375 |      0 |     23 |    277 |   2 |  187.5 |
       Dungeon |    375 |    375 |      0 |     23 |    277 |   2 |  187.5 |
               +--------+--------+--------+--------+--------+-----+--------+

Top non-repeatable levels by time:
     D:5: 358 daAuts
     D:6: 17 daAuts
